 Dungeon Crawl Stone Soup version 0.31.0-12-g77e489cdc1 (webtiles) character file.

Game seed: 7716732951115793021

1479 dirge the Thaumaturge (level 8, 0/54 HPs)
             Began as a Mummy Necromancer on Feb 20, 2024.
             Slain by a gnoll
             ... wielding a +0 spear
             ... led by a gnoll sergeant
              (7 damage)
             ... on level 6 of the Dungeon.
             The game lasted 00:27:52 (4558 turns).

dirge the Thaumaturge (Mummy Necromancer)           Turns: 4558, Time: 00:27:54

Health: 0/54       AC:  5    Str: 11    XL:     8   Next: 50%
Magic:  6/21       EV: 12    Int: 17    God:
Gold:   269        SH:  0    Dex: 12    Spells: 12/25 levels left

rFire   x . .        a - staff of death
rCold   + . .        (no shield)
rNeg    + + +        f - +0 robe
rPois   ∞            s - +0 helmet
rElec   .            m - +0 cloak
rCorr   .            d - +0 pair of gloves
SInv    .            (no boots)
Will    +....        e - amulet of magic regeneration
Stlth   ++           t - ring of wizardry
HPRegen 0.29/turn    (no ring)
MPRegen 0.57/turn

%: faith, wizardry (x1)
@: animating dead (expiring)
A: cold resistance 1, negative energy resistance 3, torment resistance 2, heat
vulnerability 1, in touch with death 1, no potions, faith
a: no special abilities


You were on level 6 of the Dungeon.
You visited 1 branch of the dungeon, and saw 6 of its levels.

You collected 269 gold pieces.

Inventory:

Hand Weapons
 b - a +0 sling of electrocution
 p - a +2 dagger of venom
Missiles
 r - 11 poisoned darts
Armour
 d - a +0 pair of gloves (worn)
 f - a +0 robe (worn)
 g - a +0 leather armour of willpower
 m - a +0 cloak (worn)
 s - a +0 helmet (worn)
Magical Staves
 a - a staff of death (weapon)
Jewellery
 e - an amulet of magic regeneration (around neck)
 t - a ring of wizardry (left hand)
Wands
 k - a wand of flame (15)
 w - a wand of polymorph (14)
Scrolls
 c - 2 scrolls of amnesia
 h - a scroll of blinking
 i - 2 scrolls of teleportation
 j - 2 scrolls of revelation
 l - a scroll of immolation
 n - a scroll of fear
 o - a scroll of identify
 q - a scroll of vulnerability
 u - a scroll of noise {unknown}
 v - a scroll of brand weapon


   Skills:
 + Level 1.0 Fighting
 + Level 1.0 Staves
 + Level 2.3 Dodging
 + Level 1.6 Stealth
 * Level 9.1 Spellcasting
 + Level 1.2 Summonings
 * Level 8.0 Necromancy


You had 12 spell levels left.
You knew the following spells:

 Your Spells              Type           Power      Damage    Failure   Level
a - Necrotise             Necr           100%       1d9       1%          1
b - Vampiric Draining     Necr           68%        2d10      1%          3
c - Blink                 Tloc           14%        N/A       6%          2
d - Call Imp              Summ           24%        N/A       3%          2
e - Animate Dead          Necr           68%        N/A       1%          4
f - Magic Dart            Conj           28%        1d4       4%          1

Your spell library contained the following spells:

 Spells                   Type           Power      Damage    Failure   Level
 Curse of Agony           Necr           68%        N/A       4%          5


Dungeon Overview and Level Annotations

Branches:
Dungeon (6/15)             Temple (0/1) D:6

Altars:
Ashenzari
Nemelex Xobeh
Uskayaw

Shops:
D:1 ?

Annotations:
D:5 3 runed translucent doors, awry's ghost, novice MiBe
D:6 2 transporters, Dvallin's ghost, novice DrSh


Innate Abilities, Weirdness & Mutations

You are immune to poison.
Your flesh is cold resistant. (rC+)
You are immune to negative energy. (rN+++)
You are immune to unholy pain and torment.
You are vulnerable to heat. (rF-)
You are in touch with the powers of death.
You do not drink.
You have a special connection with the divine. (Faith)


Message History

Press: ? - help, Shift-Dir - straight line, f/p - gnoll sergeant
Aim: a gnoll sergeant, wielding a +0 trident and wearing a +0 scale mail (almost dead)
You feel a strong surge of power!
You draw life force from the gnoll sergeant!!
You kill the gnoll sergeant!
You feel life coursing into your body.
The dead are walking!
The gnoll hits you from afar with a +0 halberd!
The gnoll hits you with a +0 flail. The gnoll closely misses you.
Your Spellcasting skill increases to level 9!
Your reaping aura is weakening.
The gnoll attacks as it pursues you! The gnoll hits you with a +0 flail.
The gnoll barely misses you.
Things that are here:
a +0 trident; a +0 scale mail The gnoll attacks as it pursues you!
The gnoll hits you from afar with a +0 halberd.
* * * LOW HITPOINT WARNING * * *
The gnoll completely misses you.
Casting: Vampiric Draining (safe; 1% risk of failure)
Confirm with . or Enter, or press ? or * to list all spells.
Aiming: Necrotise (safe; 1% risk of failure)
Press: ? - help, Shift-Dir - straight line, f - gnoll
Aim: a gnoll, wielding a +0 flail (chance to affect: 88%)
You feel a strong surge of power!
The gnoll writhes in agony!
The gnoll hits you with a +0 flail!
* * * LOW HITPOINT WARNING * * *
The gnoll hits you from afar with a +0 spear.
* * * LOW HITPOINT WARNING * * *
The gnoll barely misses you.
Your gnoll sergeant zombie hits the gnoll.
Casting: Necrotise (safe; 1% risk of failure)
Confirm with . or Enter, or press ? or * to list all spells.
Aiming: Vampiric Draining (safe; 1% risk of failure)
Press: ? - help, Shift-Dir - straight line, f/p - gnoll
Aim: a gnoll, wielding a +0 flail (severely wounded)
You feel a strong surge of power!
You draw life force from the gnoll!
You kill the gnoll!
You feel life coursing into your body.
The dead are walking!
The gnoll hits you from afar with a +0 spear!
You die...

### ######## ##.##
#Z.....# ##...## #.####.#
###....Z## #####.####.#
#....)@..###...ZZ..##.#
####.#.g........###.#.##.#
#......gZ.########.......#
#.##.##..## #.......# #
#.? #.## #.##...#. #. #)#
#. ####.# #. #.# #.#####.#
..# #........ ###
#####....


You could see 2 gnolls, a friendly gnoll zombie and a friendly gnoll sergeant
zombie.

Vanquished Creatures
  Grinder (D:3)
  2 ogres
  2 gnoll sergeants
  2 scorpions (D:5)
  A howler monkey (D:6)
  2 bombardier beetles
  A jelly (D:5)
  2 orc priests
  3 hounds
  A sleepcap (D:4)
  Jessica (D:3)
  An iguana (D:5)
  2 orc wizards
  10 gnolls
  4 adders
  3 ribbon worms (D:2)
  3 dart slugs
  14 orcs
  4 ball pythons
  4 bats
  6 endoplasms
  6 giant cockroaches
  9 goblins
  6 hobgoblins
  2 quokkas
  2 frilled lizards (D:2)
  7 kobolds
  5 rats
106 creatures vanquished.

Vanquished Creatures (collateral kills)
  An ice beast (D:6)
  A scorpion (D:6)
  An orc wizard (D:6)
  A gnoll (D:5)
  An adder (D:5)
  A shadow imp (D:5)
  5 orcs
  An endoplasm (D:2)
  A giant cockroach (D:1)
  A hobgoblin (D:3)
  A frilled lizard (D:3)
15 creatures vanquished.

Vanquished Creatures (others)
  An iguana zombie (D:5)
  7 gnoll zombies
  7 orc zombies (D:5)
15 creatures vanquished.

Grand Total: 136 creatures vanquished

Notes
Turn   | Place    | Note
-------+----------+-------------------------------------------
     0 | D:1      | dirge the Mummy Necromancer began the quest for the Orb.
     0 | D:1      | Reached XP level 1. HP: 13/13 MP: 4/4
   181 | D:1      | Reached XP level 2. HP: 19/19 MP: 2/5
   560 | D:1      | Reached skill level 3 in Spellcasting
   714 | D:1      | Found Bodoe's Magic Scroll Shop.
  1050 | D:2      | Reached XP level 3. HP: 20/24 MP: 1/7
  1111 | D:2      | Learned a level 3 spell: Vampiric Draining
  1146 | D:2      | Reached skill level 5 in Necromancy
  1229 | D:2      | Learned a level 2 spell: Blink
  1232 | D:2      | Learned a level 2 spell: Call Imp
  1341 | D:2      | Reached XP level 4. HP: 30/30 MP: 7/9
  1611 | D:3      | Noticed Jessica
  1618 | D:3      | Killed Jessica
  1619 | D:3      | Reached skill level 4 in Spellcasting
  1656 | D:3      | Reached XP level 5. HP: 32/35 MP: 8/11
  1687 | D:3      | Noticed Grinder
  1697 | D:3      | Paralysed by Grinder for 2 turns
  1725 | D:3      | Paralysed by Grinder for 2 turns
  1823 | D:3      | Paralysed by Grinder for 5 turns
  1864 | D:3      | Paralysed by Grinder for 3 turns
  1868 | D:3      | Killed Grinder
  1869 | D:3      | Reached skill level 5 in Spellcasting
  1869 | D:3      | Reached skill level 1 in Summonings
  1869 | D:3      | Reached XP level 6. HP: 23/42 MP: 12/14
  2036 | D:3      | Reached skill level 6 in Spellcasting
  2128 | D:3      | Identified the scarf "Laoheng" {harm, -Cast rF++ Regen+
                  | Stlth+}
  2444 | D:3      | Found a sparkling altar of Nemelex Xobeh.
  2616 | D:4      | Learned a level 4 spell: Animate Dead
  2919 | D:4      | Identified a scroll of acquirement
  2925 | D:4      | Acquired a staff of death
  2943 | D:5      | Entered Level 5 of the Dungeon
  2961 | D:5      | Reached XP level 7. HP: 43/47 MP: 16/16
  3487 | D:4      | Learned a level 1 spell: Magic Dart
  3597 | D:5      | Reached skill level 1 in Staves
  3597 | D:5      | Reached skill level 7 in Spellcasting
  3824 | D:5      | Found a hide-covered altar of Uskayaw.
  3952 | D:5      | Found a runed translucent gate.
  3953 | D:5      | Found a runed translucent gate.
  3954 | D:5      | Found a runed translucent gate.
  3955 | D:5      | Noticed awry's ghost (novice MiBe)
  4157 | D:6      | Reached XP level 8. HP: 49/53 MP: 15/19
  4176 | D:6      | Found a transporter.
  4176 | D:6      | Noticed Dvallin's ghost (novice DrSh)
  4192 | D:6      | Reached skill level 8 in Spellcasting
  4220 | D:6      | Reached skill level 1 in Fighting
  4258 | D:6      | Found a staircase to the Ecumenical Temple.
  4411 | D:6      | Found a transporter.
  4451 | D:6      | Noticed a two-headed ogre
  4483 | D:6      | Found a broken altar of Ashenzari.
  4555 | D:6      | Reached skill level 9 in Spellcasting
  4558 | D:6      | Slain by a gnoll

Illustrated notes

Levels and vault maps discovered:
D:1:      mrwooster_arrival_statue_2, layout_basic, serial_shops, shop
D:2:      layout_rooms
D:3:      layout_rooms, nemelex_dance_club_becter, uniq_jessica, uniq_grinder
D:4:      layout_basic
D:5:      layout_rooms, lemuel_round_altar, biasface_ghost_orc_armoury
D:6:      layout_loops_cross, mainiacjoe_overflow_six_doors_small,
          minmay_temple_entry_junction_2, gammafunk_ghost_arena,
          minmay_tree_intersection

Skill      XL: |  1  2  3  4  5  6  7  8 |
---------------+-------------------------+-----
Spellcasting   | 3 4 5 6 7 9 |  9.1
Necromancy     | 5 6 7 8 |  8.0
Summonings     | 1 |  1.2
Dodging        | 2 |  2.3
Staves         | 1 |  1.0
Fighting       | 1 |  1.0
Stealth        | |  1.6

Action                     |  1- 3 |  4- 6 |  7- 9 || total
---------------------------+-------+-------+-------++-------
  Melee: Unarmed           |     2 |       |       ||     2
         Quarterstaff      |       |    24 |       ||    24
         Staff             |       |     3 |    27 ||    30
   Cast: Necrotise         |    67 |    74 |    91 ||   232
         Vampiric Draining |       |     3 |    17 ||    20
         Call Imp          |       |    13 |     6 ||    19
         Animate Dead      |       |       |     8 ||     8
         Blink             |       |       |     1 ||     1
    Use: Scroll            |       |    10 |     3 ||    13
   Stab: Sleeping          |       |     2 |       ||     2
 Armour: Robe              |    13 |    39 |   140 ||   192
  Dodge: Dodged            |    12 |    27 |   130 ||   169
